[Event "29th CRO-chT Junior 2020"]
[Site "Cakovec"]
[Date "2020.07.16"]
[Round "5.15"]
[White "Bedic, Noemi"]
[Black "Tomljanovic, Ivano"]
[Result "1/2-1/2"]
[ECO "C62"]
[WhiteElo "1712"]
[BlackElo "1393"]
[Annotator "NA RC"]
[PlyCount "105"]
[EventDate "2020.07.14"]
[EventType "team-tourn"]
[EventCountry "CRO"]
[SourceTitle "playchess.com"]
[Source "ChessBase"]
[SourceQuality "1"]
[TimeControl "5400+30"]

1. e4 e5 2. Nf3 Nc6 3. Bb5 d6 4. d4 exd4 5. Nxd4 Bd7 6. O-O Nf6 7. Bxc6 Bxc6 8. Nxc6 bxc6 9. Qf3 Qd7 10. b3 Be7 11. Bb2 O-O 12. h3 Qe6 13. Nd2 Nd7 14. Rfe1 Bf6 15. Bxf6 Nxf6 16. Nc4 Nd7 17. Qc3 f5 18. exf5 Qxf5 19. Re2 Rf7 20. Ne3 Qc5 21. Qxc5 Nxc5 22. Nc4 Nd7 23. Rae1 Kf8 24. Na5 Ne5 25. Re4 c5 26. f4 Ng6 27. g3 Ne7 28. Re6 g6 29. Nc4 Nc6 30. c3 Re7 31. Rxe7 Nxe7 32. Ne3 h5 33. c4 Kf7 34. Kf2 a5 35. Rb1 Rb8 36. g4 hxg4 37. hxg4 Rh8 38. Kg3 Kg7 39. Rf1 Kf6 40. f5 gxf5 41. Nxf5 Nxf5+ 42. Rxf5+ Kg6 43. Rf2 Re8 44. Kf4 Rf8+ 45. Ke3 Rxf2 46. Kxf2 Kg5 47. Kg3 c6 48. a3 d5 49. cxd5 cxd5 50. Kf3 d4 51. Ke4 Kxg4 52. Kd3 Kf4 53. b4 1/2-1/2

[Event "29th CRO-chT Junior 2020"]
[Site "Cakovec"]
[Date "2020.07.16"]
[Round "5.16"]
[White "Kresic, Vid"]
[Black "Jaksic, Josip"]
[Result "1/2-1/2"]
[ECO "D02"]
[WhiteElo "1216"]
[BlackElo "1616"]
[Annotator "NA RC"]
[PlyCount "117"]
[EventDate "2020.07.14"]
[EventType "team-tourn"]
[EventCountry "CRO"]
[SourceTitle "playchess.com"]
[Source "ChessBase"]
[SourceQuality "1"]
[TimeControl "5400+30"]

1. d4 Nf6 2. Nf3 e6 3. Bf4 d5 4. e3 Bd6 5. Bg3 O-O 6. Nc3 a6 7. Bxd6 Qxd6 8. Bd3 b6 9. Ne2 c5 10. c3 Nc6 11. Ng3 e5 12. dxe5 Nxe5 13. Be2 Qc7 14. O-O Bb7 15. Nxe5 Qxe5 16. Bf3 Rfd8 17. Qb3 Rd6 18. Rad1 Rad8 19. Rfe1 h6 20. a4 Ne4 21. Bxe4 dxe4 22. Rxd6 Rxd6 23. a5 b5 24. Rd1 c4 25. Qc2 Rg6 26. Rd4 Qg5 27. Qe2 Qe5 28. Qh5 Qc7 29. Qh4 Qxa5 30. Qd8+ Qxd8 31. Rxd8+ Kh7 32. Nf5 Rf6 33. Nd4 g5 34. Rb8 Bd5 35. Rd8 Bc6 36. Rb8 Bd7 37. Rb7 Rd6 38. h3 Kg6 39. Kf1 f5 40. Ke2 f4 41. Ra7 Kf6 42. Ra8 Kf7 43. Ra7 Kg6 44. Ra8 Kg7 45. Ra7 Kf7 46. Rb7 Kg6 47. Rb8 Rf6 48. Rb7 Rd6 49. Ra7 Kf6 50. Ra8 Ke7 51. Rh8 Rf6 52. Ra8 Rg6 53. g3 fxg3 54. fxg3 Bxh3 55. Ra7+ Bd7 56. Nf5+ Kd8 57. Ra8+ Kc7 58. Ra7+ Kd8 59. Ra8+ 1/2-1/2

[Event "29th CRO-chT Junior 2020"]
[Site "Cakovec"]
[Date "2020.07.16"]
[Round "5.19"]
[White "Troselj, Ivan"]
[Black "Vuk, Sebastijan"]
[Result "1-0"]
[ECO "D02"]
[WhiteElo "1857"]
[BlackElo "1382"]
[Annotator "NA RC"]
[PlyCount "105"]
[EventDate "2020.07.14"]
[EventType "team-tourn"]
[EventCountry "CRO"]
[SourceTitle "playchess.com"]
[Source "ChessBase"]
[SourceQuality "1"]
[TimeControl "5400+30"]

1. c3 Nf6 2. d4 d5 3. Nf3 g6 4. Bf4 Bg7 5. e3 O-O 6. Bd3 Nc6 {[%emt 0:03:30] D02: 1 d4 d5 2 Nf3 sidelines, including 2...Nf6 3 g3 and 2...Nf6 3 Bf4.} 7. Nbd2 Bg4 8. h3 Bxf3 9. Nxf3 {[%emt 0:01:00] [#]} Nd7 $146 ({Predecessor:} 9... Ne4 10. Bxe4 dxe4 11. Nd2 f5 12. Qb3+ Kh8 13. Qxb7 e5 14. Qxc6 exf4 15. exf4 Re8 {1-0 (34) Japiassu,G (1522)-Deobrochinski,V (1191) Florianopolis 2020}) 10. O-O (10. Qb3 $16) 10... f6 (10... e5 $11 {keeps the balance.} 11. dxe5 Ncxe5) 11. Qb3 Nb6 12. e4 e5 13. dxe5 fxe5 (13... Nxe5 $16 {was worth a try.} 14. Nxe5 fxe5) 14. Bg5 Bf6 15. Bxf6 Rxf6 16. exd5 Qxd5 17. c4 (17. Qc2 $16) 17... Qf7 18. Ng5 Nd4 19. Qc3 Qe7 20. Rae1 Re8 21. c5 Rc6 22. b4 Qxg5 23. f4 Qd8 ({But not} 23... Nd5 $6 24. Qc4 $16) 24. Be4 $2 {[%emt 0:06:00] [#]} (24. Rxe5 $11 {and White is okay.} Rxe5 25. fxe5) 24... Rf6 $2 ({Stronger than} 24... Nd5 25. Qc4 $16) (24... Na4 $1 $19 25. Qc4+ Rce6 26. Bxb7 c6 27. fxe5 Kh8) 25. cxb6 axb6 26. Bd3 {[%emt 0:05:30] [#]} Nc6 ({Black should try} 26... e4 $1 $11 ) 27. fxe5 Rxf1+ 28. Kxf1 (28. Bxf1 $11 Qd4+ 29. Qxd4 Nxd4 30. Rd1) 28... Rf8+ (28... Rxe5 $15 29. Rxe5 Nxe5 30. Qxe5 Qxd3+ 31. Kg1 Qd1+ 32. Kh2 {[#]} Qd6 $1 33. Qxd6 cxd6) 29. Kg1 Qd4+ 30. Qxd4 Nxd4 31. Bc4+ Kg7 32. Rd1 Rd8 33. Rf1 Rf8 34. Rd1 Rd8 35. Kf2 Kf8 36. Rd3 Ke7 37. b5 c5 38. bxc6 bxc6 39. Ra3 b5 40. Ra7+ Rd7 41. Rxd7+ Kxd7 42. Bg8 h6 43. Bf7 g5 44. Ke3 c5 45. Ke4 Kc6 $2 (45... Ne2 $11 {and Black stays safe.}) 46. Be8+ $18 Kc7 47. Kd5 Kb6 48. e6 Nxe6 49. Kxe6 Ka5 50. Kd5 Kb6 51. g4 b4 52. Kc4 Ka5 53. Kxc5 1-0

[Event "29th CRO-chT Junior 2020"]
[Site "Cakovec"]
[Date "2020.07.16"]
[Round "5.20"]
[White "Kristofic, Dino"]
[Black "Zekic, Patrik"]
[Result "1/2-1/2"]
[ECO "C01"]
[WhiteElo "1290"]
[BlackElo "1699"]
[Annotator "NA RC"]
[PlyCount "108"]
[EventDate "2020.07.14"]
[EventType "team-tourn"]
[EventCountry "CRO"]
[SourceTitle "playchess.com"]
[Source "ChessBase"]
[SourceQuality "1"]
[TimeControl "5400+30"]

1. e4 e6 2. d4 d5 3. exd5 exd5 4. Nf3 Nf6 5. Bd3 Bd6 6. O-O O-O 7. Bg5 Bg4 8. h3 Bh5 9. Nbd2 Nbd7 10. c3 c6 11. Re1 Qc7 12. Qc2 Rfe8 13. b3 Bg6 14. Bxg6 hxg6 15. c4 Bf4 16. Bxf4 Qxf4 17. g3 Qc7 18. Qc3 Ne4 19. Nxe4 dxe4 20. Ng5 Nf6 21. Re3 Qd7 22. Rae1 Qf5 23. h4 Ng4 24. R3e2 Re7 25. Qc2 f6 26. Nxe4 Rae8 27. Kg2 Qd7 28. f3 f5 29. fxg4 fxe4 30. Rxe4 Rxe4 31. Rxe4 Rf8 32. Qe2 b6 33. Qe3 a5 34. Rf4 Re8 35. Re4 Rf8 36. a4 b5 37. g5 Kh7 38. Qd3 Qf5 39. Qe2 Qd7 40. Qg4 Qd6 41. h5 Rf5 42. hxg6+ Qxg6 43. Qh3+ Kg8 44. Re8+ Qxe8 45. Qxf5 Qe2+ 46. Kh3 Qh5+ 47. Kg2 Qe2+ 48. Qf2 Qe4+ 49. Kh2 Qh7+ 50. Kg2 Qe4+ 51. Kf1 Qd3+ 52. Ke1 bxc4 53. bxc4 Qxc4 54. g6 Qe6+ 1/2-1/2

[Event "29th CRO-chT Junior 2020"]
[Site "Cakovec"]
[Date "2020.07.16"]
[Round "6.3"]
[White "Tomljanovic, Ivano"]
[Black "Troselj, Ivan"]
[Result "1/2-1/2"]
[ECO "B13"]
[WhiteElo "1393"]
[BlackElo "1857"]
[Annotator "NA RC"]
[PlyCount "57"]
[EventDate "2020.07.14"]
[EventType "team-tourn"]
[EventCountry "CRO"]
[SourceTitle "playchess.com"]
[Source "ChessBase"]
[SourceQuality "1"]
[TimeControl "5400+30"]

1. e4 c6 2. d4 d5 3. exd5 cxd5 4. Nf3 Nc6 5. Bf4 Nf6 6. c3 Bg4 7. Nbd2 e6 {[%emt 0:00:30] B13: Caro-Kann: Exchange Variation and Panov-Botvinnik Attack.} 8. Bb5 Bd6 9. Bg3 O-O 10. O-O {[%emt 0:01:30] [#]} Bh5 $146 ({Predecessor:} 10... Bxg3 11. fxg3 Qb6 12. Bxc6 bxc6 13. Qc2 c5 14. Kh1 cxd4 15. Nxd4 Rfc8 16. Qb3 Rab8 {0-1 (36) Bober,T (1159)-Kaluza,M (1379) Iwonicz 2015}) 11. Qc2 Bg6 12. Bd3 Bxd3 13. Qxd3 Bxg3 14. hxg3 Rb8 15. Rab1 b5 16. b4 Qc7 ({Better is} 16... a5 $15) 17. Rfe1 Rfc8 18. Nb3 Ne4 19. Nc5 Nxc5 20. dxc5 Re8 21. Nd4 a6 22. Re2 Ne5 {[%emt 0:00:30] [#]} 23. Rxe5 $1 Qxe5 24. Nc6 $1 {[%emt 0:00:30] Double Attack} Qc7 25. Nxb8 Rxb8 26. Re1 Rd8 (26... a5 $14) 27. Qd4 (27. a4 $16) 27... h6 28. f4 Qd7 29. a3 $14 1/2-1/2

[Event "29th CRO-chT Junior 2020"]
[Site "Cakovec"]
[Date "2020.07.16"]
[Round "6.4"]
[White "Zekic, Patrik"]
[Black "Kresic, Vid"]
[Result "1-0"]
[ECO "E49"]
[WhiteElo "1699"]
[BlackElo "1216"]
[Annotator "NA RC"]
[PlyCount "41"]
[EventDate "2020.07.14"]
[EventType "team-tourn"]
[EventCountry "CRO"]
[SourceTitle "playchess.com"]
[Source "ChessBase"]
[SourceQuality "1"]
[TimeControl "5400+30"]

1. d4 d5 2. c4 e6 3. Nc3 Bb4 4. e3 Nf6 5. Bd3 c5 6. Nge2 O-O 7. O-O Nc6 8. a3 Bxc3 9. bxc3 a6 10. a4 Bd7 11. Ba3 Na5 12. cxd5 exd5 13. Bxc5 Re8 14. Rb1 Qc7 15. Bb6 Qd6 16. Bxa5 Bc6 17. Ng3 h6 18. c4 Rac8 19. Qb3 Qd7 20. Bf5 Re6 21. Bxe6 1-0

[Event "29th CRO-chT Junior 2020"]
[Site "Cakovec"]
[Date "2020.07.16"]
[Round "6.8"]
[White "Jaksic, Josip"]
[Black "Colev, Ivor"]
[Result "0-1"]
[ECO "B85"]
[WhiteElo "1616"]
[BlackElo "1893"]
[Annotator "NA RC"]
[PlyCount "72"]
[EventDate "2020.07.14"]
[EventType "team-tourn"]
[EventCountry "CRO"]
[SourceTitle "playchess.com"]
[Source "ChessBase"]
[SourceQuality "1"]
[TimeControl "5400+30"]

1. e4 c5 2. Nf3 d6 3. d4 cxd4 4. Nxd4 Nf6 5. Nc3 e6 6. Be2 Nc6 7. Be3 Be7 8. O-O O-O 9. f4 Bd7 10. Nb3 a6 11. a4 b6 12. Bf3 Rb8 13. Qe2 Qc8 {[%emt 0:05:30] B85: Sicilian Scheveningen: 6 Be2 a6, lines with early Be3.} 14. Kh1 Rd8 {[%emt 0:08:30] [#]} 15. g4 $146 ({Predecessor:} 15. Qf2 Qc7 16. g4 Be8 17. g5 Nd7 18. Bg2 b5 19. axb5 axb5 20. Qe2 b4 21. Nd5 exd5 22. exd5 {1-0 (37) Postypalskiy,M (2350)-Shishkova,O (2136) Odoev 2018}) 15... Be8 16. f5 Ne5 (16... exf5 $11 {keeps the balance.} 17. exf5 h6) 17. g5 Nfd7 18. Nd4 Nc5 19. Bg4 (19. Bg2 $16) 19... Bd7 20. f6 Bf8 $1 21. Bh5 (21. Bh3 $11) 21... Bc6 (21... g6 $17 22. Bf3 b5 23. axb5 Nxf3 24. Nxf3 (24. Rxf3 $2 axb5 25. b4 e5 $19) 24... axb5 25. Bxc5 dxc5) 22. Bf4 Ng6 23. Bg3 Bb7 24. Rae1 ({White should try} 24. Qf3 $16) 24... Qd7 (24... b5 $11) 25. Qf2 (25. b4 $14 Nxa4 26. Nxa4 Qxa4 27. Nxe6) 25... Rbc8 26. b4 Nd3 27. cxd3 Rxc3 28. Re3 Rdc8 29. Kg1 $17 (29. Ne2 $11 Rc2 30. Rf3) 29... Rc1 30. Bd1 R1c7 31. h4 Ne5 32. h5 Rc1 33. Ne2 Ng4 34. Qf3 Nxe3 35. Qxe3 R1c7 36. fxg7 Bxg7 0-1

[Event "29th CRO-chT Junior 2020"]
[Site "Cakovec"]
[Date "2020.07.16"]
[Round "6.12"]
[White "Novosel, Lovro"]
[Black "Martic, Filip"]
[Result "1-0"]
[ECO "E62"]
[WhiteElo "1719"]
[BlackElo "1656"]
[Annotator "NA RC"]
[PlyCount "101"]
[EventDate "2020.07.14"]
[EventType "team-tourn"]
[EventCountry "CRO"]
[SourceTitle "playchess.com"]
[Source "ChessBase"]
[SourceQuality "1"]
[TimeControl "5400+30"]

1. Nf3 Nf6 2. g3 g6 3. Bg2 Bg7 4. O-O O-O 5. d4 d6 6. c4 Nc6 7. Nc3 e5 8. e3 Nd7 9. Rb1 f5 10. b4 a6 11. b5 axb5 12. cxb5 Ne7 13. Qb3+ Kh8 14. Ng5 Nf6 15. Nf7+ Rxf7 16. Qxf7 e4 17. Qb3 g5 18. Bd2 h5 19. f3 d5 20. fxe4 dxe4 21. Rb2 Ng6 22. Bh3 g4 23. Bg2 h4 24. Rf2 hxg3 25. hxg3 Qd6 26. Ne2 Be6 27. Qb4 Qd8 28. Qc5 Bf8 29. Qc2 Bd6 30. Bf1 Nh5 31. Rh2 Qg5 32. Nf4 Ngxf4 33. exf4 Qg6 34. Bb4 Bxb4 35. Rxb4 Rxa2 36. Qxc7 Rxh2 37. Qd8+ Kh7 38. Kxh2 Nf6 39. Qe7+ Bf7 40. Bc4 Kg7 41. Kg1 Nh5 42. Kf2 Qf6 43. Qxf7+ Qxf7 44. Bxf7 Kxf7 45. Rc4 Ke6 46. Rc7 Kd5 47. Rd7+ Kc4 48. b6 Kb5 49. Rxb7 Kc6 50. Rh7 e3+ 51. Kxe3 1-0

[Event "29th CRO-chT Junior 2020"]
[Site "Cakovec"]
[Date "2020.07.16"]
[Round "6.17"]
[White "Damjanovic, Stjepan"]
[Black "Topalic, Fran"]
[Result "1-0"]
[ECO "B13"]
[WhiteElo "1867"]
[BlackElo "1741"]
[Annotator "NA RC"]
[PlyCount "65"]
[EventDate "2020.07.14"]
[EventType "team-tourn"]
[EventCountry "CRO"]
[SourceTitle "playchess.com"]
[Source "ChessBase"]
[SourceQuality "1"]
[TimeControl "5400+30"]

1. e4 c6 2. d4 d5 3. exd5 cxd5 4. Bd3 Nc6 5. c3 Nf6 6. Ne2 ({White should try} 6. Bf4 $14) 6... e6 {[%emt 0:01:00] B13: Caro-Kann: Exchange Variation and Panov-Botvinnik Attack.} 7. Bf4 Bd6 8. Na3 O-O 9. O-O a6 {[%emt 0:00:30] [#]} 10. Rc1 $146 ({Predecessor:} 10. Nc2 Re8 11. Ne3 Qc7 12. Bxd6 Qxd6 13. Qc2 Bd7 14. Rad1 Rac8 15. Qb1 Na5 16. Rfe1 {1-0 (45) Manco,J-Shiroma,G Peru 1997}) 10... b5 11. Bb1 Na5 12. Qd3 Bxf4 13. Nxf4 g6 (13... Nc4 $11) 14. Qe3 Qd6 15. Nd3 Kg7 16. Ne5 Nc6 17. f4 Qc7 18. Nc2 a5 19. Qh3 ({Better is} 19. Ne1 $16) 19... Ba6 20. Ne3 h5 (20... Ne4 $14) 21. Qg3 Ne4 (21... Nxe5 $16 {might work better.} 22. fxe5 Nh7) 22. Bxe4 $1 dxe4 23. f5 Nxe5 24. f6+ $2 (24. dxe5 $18 b4 25. cxb4) 24... Kh7 25. dxe5 Rfd8 26. Kh1 Rd3 27. Qg5 Qc5 28. Rfe1 Rad8 29. g4 Rxe3 $4 (29... hxg4 $11 30. Qh4+ (30. Nxg4 Rh3 $17) 30... Kg8) 30. Rxe3 ({Stronger than} 30. Qxe3 Qxe5 31. Qg3 Qxg3 $11) 30... Rd5 (30... hxg4 $18 31. h3 g3) 31. gxh5 Rxe5 32. hxg6+ fxg6 33. Rh3+ 1-0

[Event "29th CRO-chT Junior 2020"]
[Site "Cakovec"]
[Date "2020.07.16"]
[Round "6.18"]
[White "Matota, Dominik"]
[Black "Juric, Ester"]
[Result "1-0"]
[ECO "B80"]
[WhiteElo "1807"]
[BlackElo "1663"]
[Annotator "NA RC"]
[PlyCount "53"]
[EventDate "2020.07.14"]
[EventType "team-tourn"]
[EventCountry "CRO"]
[SourceTitle "playchess.com"]
[Source "ChessBase"]
[SourceQuality "1"]
[TimeControl "5400+30"]

1. e4 c5 2. Nf3 d6 3. d4 cxd4 4. Nxd4 Nf6 5. Nc3 a6 6. f3 b5 7. Be3 e6 8. a4 {[%emt 0:01:30] B80: Sicilian Scheveningen: 6 g3 and 6 Be3, including English Attack.} b4 $1 9. Na2 e5 10. Nb3 $1 {[%emt 0:00:30] [#]} ({Of course not} 10. Nxb4 exd4 11. Qxd4 Nbd7 $17) 10... a5 $146 (10... d5 $11) ({Predecessor:} 10... Nc6 11. Bc4 Qc7 12. O-O Be7 13. c3 bxc3 14. Nxc3 Nb4 15. Qe2 O-O {0-1 (33) Sarana,A (2664)-Vachier Lagrave,M (2777) Germany 2019}) 11. c3 bxc3 12. Nxc3 Ba6 (12... Be6 $16 {keeps fighting.}) 13. Nb5 (13. Bb5+ $16 Bxb5 14. axb5) 13... Be7 (13... d5 $14) 14. Qd2 (14. Rc1 $16 Bxb5 15. Bxb5+ Nbd7 16. O-O) 14... Bxb5 $2 (14... O-O $11) 15. Bxb5+ Nfd7 $2 (15... Nbd7 $16 16. O-O O-O) 16. Qd5 Na6 17. Bxd7+ Kxd7 18. Qb5+ Ke6 19. Nd4+ Kf6 $18 20. f4 g6 21. fxe5+ dxe5 22. O-O+ Kg7 23. Qxe5+ Kg8 (23... f6 $142 24. Ne6+ Kg8) 24. Nc6 Bd6 25. Nxd8 Bxe5 26. Nxf7 Bxb2 27. Nh6+ 1-0

[Event "29th CRO-chT Junior 2020"]
[Site "Cakovec"]
[Date "2020.07.16"]
[Round "6.19"]
[White "Mandaric, Fran"]
[Black "Borzan, Matej"]
[Result "1-0"]
[ECO "B08"]
[WhiteElo "1671"]
[BlackElo "1746"]
[Annotator "NA RC"]
[PlyCount "47"]
[EventDate "2020.07.14"]
[EventType "team-tourn"]
[EventCountry "CRO"]
[SourceTitle "playchess.com"]
[Source "ChessBase"]
[SourceQuality "1"]
[TimeControl "5400+30"]

1. e4 d6 2. d4 Nf6 3. Nc3 g6 4. Nf3 Bg7 5. Bc4 O-O 6. Qe2 Nbd7 7. e5 dxe5 8. dxe5 Ng4 9. e6 Nde5 10. exf7+ Kh8 11. h3 Nxf3+ 12. gxf3 Ne5 13. Bg5 Nxc4 14. Bxe7 Qd4 15. Bxf8 Bxf8 16. Qe8 Qe5+ 17. Ne4 Kg7 18. Rd1 Qf5 19. O-O Qxf3 20. Ng5 Qh5 21. Qxf8+ Kf6 22. Qd8+ Ke5 23. f4+ Kf5 24. f8=Q# 1-0

[Event "29th CRO-chT Junior 2020"]
[Site "Cakovec"]
[Date "2020.07.17"]
[Round "7.3"]
[White "Baric, Marko"]
[Black "Mandaric, Fran"]
[Result "1-0"]
[ECO "B31"]
[WhiteElo "1831"]
[BlackElo "1671"]
[Annotator "NA RC"]
[PlyCount "91"]
[EventDate "2020.07.14"]
[EventType "team-tourn"]
[EventCountry "CRO"]
[SourceTitle "playchess.com"]
[Source "ChessBase"]
[SourceQuality "1"]
[TimeControl "5400+30"]

1. e4 c5 2. Nf3 Nc6 3. Bb5 g6 4. O-O Bg7 5. Re1 e5 6. c3 Nge7 7. d3 {[%emt 0:04:30] 7.d3 is better than 7.d4.} a6 {[%emt 0:11:30] B31: Sicilian: 2...Nc6 3 Bb5 g6.} 8. Ba4 O-O 9. Nbd2 d6 10. Nf1 b5 11. Bc2 {[%emt 0:01:30] [#]} a5 $146 ({Predecessor:} 11... f5 12. Bb3+ Kh8 13. Ng5 Qe8 14. Qf3 h6 15. Qh3 fxe4 16. Be6 exd3 17. Bxc8 Qxc8 18. g4 Nd5 {0-1 (38) Perez Celis,A (1819)-Perez Barreto,A (1718) Tenerife 2010}) 12. a4 b4 13. Ng3 Rb8 14. Bb3 Bg4 15. Bc4 bxc3 16. bxc3 d5 17. exd5 Nxd5 18. Ne4 Nxc3 $2 (18... Kh8 $14) 19. Nxc3 e4 20. Nxe4 Bxa1 21. Bg5 Bxf3 22. gxf3 ({Less strong is} 22. Qxa1 Qd4 $18) 22... Qd4 23. Qxa1 Qxa1 24. Rxa1 Kg7 25. Bf6+ Kh6 26. Nxc5 Rfe8 27. Ne4 Ne5 (27... Re5 ) 28. Bxe5 Rxe5 29. Bxf7 Rf5 30. Bc4 Rxf3 31. Kg2 Rf4 32. Bb5 Rbf8 33. Rc1 g5 34. Rc6+ Kg7 35. h3 g4 36. h4 Kh8 37. Ra6 g3 38. fxg3 Rf1 39. h5 Kg7 40. h6+ Kh8 41. Rxa5 Rb1 42. Ra7 Rb2+ 43. Kh3 Rb1 44. Ng5 Rh1+ 45. Kg2 Rxh6 46. Nf7+ {[%emt 0:00:30] Double Attack} 1-0

[Event "29th CRO-chT Junior 2020"]
[Site "Cakovec"]
[Date "2020.07.17"]
[Round "7.11"]
[White "Mijic, Karlo"]
[Black "Sagovac, Kristijan"]
[Result "0-1"]
[ECO "B33"]
[WhiteElo "1729"]
[BlackElo "1839"]
[Annotator "NA RC"]
[PlyCount "68"]
[EventDate "2020.07.14"]
[EventType "team-tourn"]
[EventCountry "CRO"]
[SourceTitle "playchess.com"]
[Source "ChessBase"]
[SourceQuality "1"]
[TimeControl "5400+30"]

1. e4 c5 2. Nf3 Nc6 3. d4 cxd4 4. Nxd4 Nf6 5. Nc3 e5 6. Ndb5 d6 7. Bg5 a6 8. Na3 b5 9. Nd5 Be7 10. Bxf6 Bxf6 11. c4 b4 12. Nc2 a5 13. Nce3 {[%emt 0:00:30] B33: Sicilian: Pelikan and Sveshnikov Variations.} O-O {[%emt 0:00:30] [#]} 14. h4 $146 ({Predecessor:} 14. Bd3 Bg5 15. Qh5 g6 16. Qd1 Be6 17. O-O Nd4 18. a3 bxa3 19. Rxa3 Rb8 20. b3 Qc8 21. Rxa5 Nxb3 {½-½ (32) Bartsch,C (1886)-Soreghy,J (1763) LSS email 2012}) 14... Bb7 ({Don't go for} 14... Bxh4 $2 15. Qh5 $18) 15. g3 Nd4 16. Bh3 g6 17. Kf1 Bg7 18. Kg2 Ra7 19. Qd3 Bc6 20. Rad1 {[%emt 0:01:30] [#]} f5 $1 21. exf5 Raf7 22. f6 $2 (22. Rhf1 $15 gxf5 23. f4) 22... Qxf6 $1 23. Rhf1 Qd8 $2 (23... Qf3+ $19 24. Kg1 e4) 24. Nc2 Nf5 25. Kg1 Kh8 26. Nde3 $2 {[%emt 0:02:30] [#]} (26. Bg2 $11 {and White stays safe.}) 26... Bf3 (26... Nxh4 $1 $19 27. Ne1 (27. gxh4 Qxh4) 27... Qg5) 27. Rd2 {[%emt 0:02:30] [#]} ({White should try} 27. Nxf5 $15 e4 28. Qxd6 Bxd1 29. Rxd1 Qxd6 30. Nxd6 Rxf2 31. Ne3) 27... e4 (27... Nxh4 $1 $17 28. gxh4 Qxh4) 28. Qd5 Be5 (28... Bxb2 $17 29. Nxf5 gxf5 30. Qxd6 Qxd6 31. Rxd6 Be2) 29. Bg2 $2 (29. c5 $1 $11) 29... Nxh4 $2 ({Worse is} 29... Bxb2 30. Bxf3 exf3 31. Nxf5 $11) (29... Bxg2 $19 30. Nxg2 Qb6) 30. gxh4 $2 (30. Qxe5+ $11 dxe5 31. Rxd8 Rxd8 32. gxh4) 30... Qxh4 31. Re1 Bh2+ 32. Kh1 Bg3+ {[%emt 0:01:30] Discovered Attack} 33. Kg1 Qh2+ 34. Kf1 Bxg2+ 0-1

[Event "29th CRO-chT Junior 2020"]
[Site "Cakovec"]
[Date "2020.07.17"]
[Round "7.12"]
[White "Martic, Filip"]
[Black "Jaksic, Josip"]
[Result "1-0"]
[ECO "D37"]
[WhiteElo "1656"]
[BlackElo "1616"]
[Annotator "NA RC"]
[PlyCount "25"]
[EventDate "2020.07.14"]
[EventType "team-tourn"]
[EventCountry "CRO"]
[SourceTitle "playchess.com"]
[Source "ChessBase"]
[SourceQuality "1"]
[TimeControl "5400+30"]

1. d4 Nf6 2. Nf3 d5 3. c4 e6 4. Nc3 Be7 5. Bf4 O-O 6. e3 b6 7. cxd5 Nxd5 8. Nxd5 Qxd5 9. Bd3 c5 10. Qc2 h6 11. Be4 Qd7 12. Bxa8 Ba6 13. O-O-O 1-0

[Event "29th CRO-chT Junior 2020"]
[Site "Cakovec"]
[Date "2020.07.17"]
[Round "7.16"]
[White "Colev, Ivor"]
[Black "Zekic, Patrik"]
[Result "1/2-1/2"]
[ECO "C03"]
[WhiteElo "1893"]
[BlackElo "1699"]
[Annotator "NA RC"]
[PlyCount "83"]
[EventDate "2020.07.14"]
[EventType "team-tourn"]
[EventCountry "CRO"]
[SourceTitle "playchess.com"]
[Source "ChessBase"]
[SourceQuality "1"]
[TimeControl "5400+30"]

1. e4 e6 2. d4 d5 3. Nd2 Be7 4. Bd3 c5 5. dxc5 Nf6 6. exd5 Qxd5 7. Ngf3 Bxc5 {[%emt 0:00:30] C03: French Tarrasch: Unusual Black 3rd moves.} 8. O-O O-O 9. Qe2 Nc6 10. Bc4 Qh5 {[%emt 0:13:30] [#]} 11. b3 $146 ({Predecessor:} 11. Ne4 $11 Nxe4 12. Qxe4 e5 13. Ng5 Bb6 14. c3 Bd7 15. Be3 Bxe3 16. Qxe3 Kh8 17. Rad1 Bf5 18. f3 {1-0 (25) Ginsburg,G (2509)-Stojanovic,M (2539) Germany 2015}) 11... b6 12. Bb2 Bb7 13. a3 Nd5 14. Bxd5 Qxd5 15. b4 Nd4 16. Qe5 (16. Bxd4 $1 $11 {remains equal.} Bxd4 17. c4) 16... Nxf3+ 17. Nxf3 Qxe5 18. Nxe5 Be7 19. c4 Rfd8 20. Rfd1 f6 21. Nd3 Rac8 22. c5 Be4 23. Nf4 Rxd1+ 24. Rxd1 e5 25. Rd7 (25. cxb6 $142 axb6 26. f3) 25... Bxc5 (25... Kf8 $17 26. Ne6+ Kf7 27. Nxg7 bxc5) 26. bxc5 exf4 27. Rd4 Bg6 28. cxb6 axb6 29. Rxf4 b5 30. Rb4 Be8 31. h3 Rc2 32. Kf1 Bc6 33. Kg1 Kf7 34. f3 Ke6 35. Kf1 Bd5 36. Kg1 Bc4 37. Bd4 Ra2 38. Bb2 $1 g6 39. Kf2 Kf5 40. g3 h5 41. Ke3 $11 g5 42. Kf2 1/2-1/2

[Event "29th CRO-chT Junior 2020"]
[Site "Cakovec"]
[Date "2020.07.17"]
[Round "7.17"]
[White "Karlovcec, David"]
[Black "Haidinger, Erik"]
[Result "1/2-1/2"]
[ECO "D00"]
[WhiteElo "1655"]
[BlackElo "1767"]
[Annotator "NA RC"]
[PlyCount "50"]
[EventDate "2020.07.14"]
[EventType "team-tourn"]
[EventCountry "CRO"]
[SourceTitle "playchess.com"]
[Source "ChessBase"]
[SourceQuality "1"]
[TimeControl "5400+30"]

1. d4 d5 2. Bf4 c5 3. e3 Nc6 4. c3 Nf6 5. Nd2 cxd4 6. exd4 Bf5 7. Ngf3 e6 8. Ne5 Rc8 9. Ndf3 Bd6 10. Bd3 Bxd3 11. Qxd3 O-O 12. Bg5 Be7 13. O-O h6 14. Bh4 Ne4 15. Bxe7 Qxe7 16. Nxc6 bxc6 17. Ne5 c5 18. f3 Nd6 19. a3 c4 20. Qe2 Rc7 21. f4 Rb8 22. Rae1 Rb6 23. Ng4 Nf5 24. Ne3 Nxe3 25. Qxe3 f5 1/2-1/2

[Event "29th CRO-chT Junior 2020"]
[Site "Cakovec"]
[Date "2020.07.17"]
[Round "7.18"]
[White "Sundac, Ivano"]
[Black "Stampar, Jakov"]
[Result "1-0"]
[ECO "A47"]
[WhiteElo "1408"]
[BlackElo "1465"]
[Annotator "NA RC"]
[PlyCount "81"]
[EventDate "2020.07.14"]
[EventType "team-tourn"]
[EventCountry "CRO"]
[SourceTitle "playchess.com"]
[Source "ChessBase"]
[SourceQuality "1"]
[TimeControl "5400+30"]

1. d4 Nf6 2. Nf3 e6 3. Bf4 b6 4. e3 Bb7 5. Bd3 Be7 6. c3 d5 7. Qc2 Nbd7 8. Nbd2 Rc8 9. Ne5 Nxe5 10. Bxe5 a6 11. h4 c5 12. Qd1 c4 13. Bb1 b5 14. a3 Bd6 15. f4 a5 16. g4 Bxe5 17. fxe5 Nd7 18. g5 g6 19. Qg4 b4 20. h5 bxc3 21. bxc3 Nf8 22. hxg6 fxg6 23. Nf3 Qb6 24. Bc2 Qb2 25. Kd2 Qb5 26. Nh4 Rg8 27. Ng2 Qd7 28. Rab1 Bc6 29. Nf4 Rg7 30. Rb2 Rc7 31. Rb8+ Rc8 32. Rhb1 Ke7 33. Rxc8 Qxc8 34. Qf3 Nd7 35. Qh3 Qg8 36. Rf1 Nb6 37. Rb1 Nd7 38. Bd1 Nf8 39. Bg4 Kd7 40. Rb8 Re7 41. Qh6 1-0